Unix NetHack Version 3.7.0-71 Work-in-progress - last build Jan 31 2023 02:41:03 (7ba98a1283f2b7cec35fde026edb48fc825ab8ae,branch:master). Game began 2023-02-11 18:39:42, ended 2023-02-11 20:01:26. galadriel, neutral female human Priestess --- ---- |. ). |.- ----------.- ---- |.| |...|((..|.| ...| |. |...|(((.+.|....| |.| ...|(((.|.-....| |.--------|------.----------- |.............{....|...[|! .| #|.-----|----.......|.._.|.m.| ##..|..|..|..|.......|....|.@.| #######|.|..|..|..|......{|....|@..| --.-.-- ## ####|.-|------.-.......---|--|--- | |......###0# |.......................f.......| |....<| # ..----|-----....----............| |...... |.| |.. |....+ |............| |.....| .. |..| -....| |............. |..... --- ---- ------- -------------- ------- Galadriel the Acolyte St:12 Dx:13 Co:14 In:9 Wi:18 Ch:12 Neutral S:917 Dlvl:6 $:250 HP:0(28) Pw:22(54) AC:5 Xp:4/88 T:4722 Latest messages: You swap places with your large cat. You see here a leather armor. The large cat picks up a leather armor. You swap places with your large cat. You hear the splashing of a naiad. The large cat drops a leather armor. You see here a pair of walking shoes. k - a pair of walking shoes. The large cat picks up a leather armor. What do you want to wear? [k or ?*] k You finish your dressing maneuver. The large cat drops a leather armor. You stop. Your large cat is in the way! You swap places with your large cat. You see here a leather armor. The large cat picks up a leather armor. The large cat drops a leather armor. The large cat picks up a leather armor. The large cat drops a leather armor. The door opens. "Hello, galadriel! Welcome to Izchak's lighting store!" Pick an object. The large cat picks up a leather armor. The large cat drops a leather armor. In what direction? h The door closes. You swap places with your large cat. You see here a leather armor. The large cat picks up a leather armor. The large cat drops a leather armor. The large cat picks up a leather armor. The priestess of The Lady intones: "Pilgrim, you enter a sacred place!" You experience a sense of peace. You see here a leather cloak. You swap places with your large cat. You see here a leather armor. You swap places with your large cat. The large cat picks up a leather armor. You swap places with your large cat. The large cat drops a leather armor. "Hello, galadriel! Welcome to Patjitan's delicatessen!" Pick an object. Wait! That's a giant mimic! The giant mimic hits! The giant mimic hits! You die... Patjitan gratefully inherits all your possessions. Do you want to see what you had when you died? [ynq] (y) y Do you want to see your attributes? [ynq] (y) q Inventory: Coins $ - 250 gold pieces Weapons G - 27 blessed +0 arrows (in quiver) H - 11 +0 arrows F - 4 +0 darts g - a +1 dwarvish spear a - a blessed +1 mace (weapon in hand) Armor T - a +0 cornuthaum J - a +0 orcish helm (being worn) k - a +0 pair of low boots (being worn) c - a blessed +0 small shield (being worn) b - a +0 robe (being worn) Comestibles U - 4 food rations I - a lichen corpse Potions Z - a cursed potion of object detection V - a potion of paralysis e - a blessed potion of sleeping Rings j - a ring of cold resistance Wands m - a wand of cancellation (0:5) Q - a cursed wand of cancellation (0:5) P - a cursed wand of digging (0:6) E - a wand of polymorph (0:5) Y - a cursed wand of polymorph (0:7) W - a wand of striking (0:1) X - a cursed wand of undead turning (0:6) Tools i - a bag of holding containing 18 items S - an empty cursed sack Gems/Stones h - a dilithium crystal L - a cursed worthless piece of black glass d - a worthless piece of blue glass Contents of the bag of holding: 55 gold pieces a cursed amulet of restful sleep a scroll of confuse monster a blessed scroll of enchant armor a scroll of enchant armor a scroll of gold detection a spellbook of extra healing a spellbook of light a potion of gain ability a potion of restore ability a potion of sleeping 4 potions of holy water a ring of sustain ability a cursed amethyst stone a worthless piece of black glass a worthless piece of blue glass a cursed worthless piece of blue glass a worthless piece of yellow glass Galadriel the Priestess's attributes: Background: You were an Acolyte, a level 4 human Priestess. You were neutral, on a mission for The Lady who was opposed by Blind Io (lawful) and Offler (chaotic). You were in the Gnomish Mines, on level 6. You entered the dungeon 4722 turns ago. You had 88 experience points, 72 more were needed to attain level 5. Your score was 917 before end-of-game adjustments. Basics: You had 0 out of 28 hit points. You had 22 out of 54 energy points (spell power). Your armor class was 5. Your wallet contained 250 zorkmids, and you had 55 more stashed away in your pack. Autopickup was off. Final Characteristics: Your strength was 12 (limit:18/100). Your dexterity was 13 (limit:18). Your constitution was 14 (limit:18). Your intelligence was 9 (limit:18). Your wisdom was 18 (limit:18). Your charisma was 12 (limit:18). Final Status: You were held by a giant mimic (north). You were not hungry. You were unencumbered. You were wielding a mace. You had basic skill with mace. Final Attributes: You were piously aligned. You were guarded. You are dead. Miscellaneous: You encountered 2 bones levels. Total elapsed playing time was 1 hour, 21 minutes and 43 seconds. Major events: Turn 1: galadriel the neutral human Priestess entered the dungeon 860: entered the Gnomish Mines 4041: attained the rank of Acolyte (level 3) 4626: reached Mine Town 4722: killed by a giant mimic Vanquished creatures: a ghost a housecat a violet fungus 3 gnome leaders 2 giant ants a floating eye 5 dwarves 3 orc zombies a dwarf zombie a wererat an iguana a gas spore 2 manes 2 large kobolds a hobgoblin a giant rat 2 yellow molds a red mold 11 gnomes 10 jackals a fox 3 kobolds 3 goblins 4 sewer rats 5 grid bugs a bat 7 lichens 2 kobold zombies 2 newts 79 creatures vanquished. No species were genocided or became extinct. Voluntary challenges: You read items or engraved 6 times. You engraved Elbereth 2 times. You never genocided any monsters. You never polymorphed an object. You never changed form. You used no wishes. Achievements: You entered the Gnomish Mines. You attained the rank of Acolyte. You entered Minetown. You entered a shop. You entered a temple. The Dungeons of Doom: levels 1 to 5 Level 1: "vault" A fountain. Level 2: A fountain. Stairs down to The Gnomish Mines. Level 3: A fountain. Level 4: An altar, a grave. Level 5: The Gnomish Mines: levels 3 to 6 Level 3: Level 4: A grave. Final resting place for nabru-Bar-Orc-Fem-Cha, killed by a giant ant, while praying, RedArrow-Arc-Hum-Mal-Law, killed by a wolf. Level 5: Level 6: <- You were here. Some shops, a temple to The Lady, some fountains, a grave. Final resting place for you, killed by a giant mimic, oh6-Ran-Elf-Fem-Cha, killed by a giant mimic, spontiff-Hea-Gno-Mal-Neu, killed by a giant mimic. Game over: ---------- / \ / REST \ / IN \ / PEACE \ / \ | galadriel | | 305 Au | | killed by a | | giant mimic | | | | | | 2023 | *| * * * | * _________)/\\_//(\/(/\)/\//\/|_)_______ Goodbye galadriel the Priestess... You died in The Gnomish Mines on dungeon level 6 with 887 points, and 305 pieces of gold, after 4722 moves. You were level 4 with a maximum of 28 hit points when you died.